 Dungeon Crawl Stone Soup version 0.22-b1-59-g0aedee7 (webtiles) character file.

2902 Goblin1989 the Cleaver (level 9, 0/71 HPs)
             Began as a Demonspawn Chaos Knight on Aug 10, 2018.
             Slain by an orc knight
             ... wielding a +0 glaive
              (27 damage)
             ... in a bailey.
             The game lasted 00:24:14 (8620 turns).

Goblin1989 the Cleaver (Demonspawn Chaos Knight)    Turns: 8620, Time: 00:24:15

Health: 0/71       AC:  9    Str: 21    XL:     9   Next: 49%
Magic:  9/9        EV:  9    Int: 13    God:    Xom [.*....]
Gold:   477        SH:  9    Dex: 13    Spells: 8/8 levels left

rFire    + . .     SeeInvis .   a - +0 hand axe (chaos)
rCold    . . .     Gourm    .   B - +0 shield
rNeg     . . .     Faith    .   W - +0 scale mail
rPois    .         Spirit   .   l - +0 helmet
rElec    .         Reflect  .   (no cloak)
rCorr    .         Harm     .   (no gloves)
MR       .....                  (no boots)
Stlth    ++........             (no amulet)
HPRegen  0.21/turn              (no ring)
MPRegen  0.11/turn              (no ring)

@: mighty, very slightly contaminated, invisible
A: talons 2, rugged brown scales 1, fire resistance 1, nightstalker 2, flame
cloud immunity
a: Renounce Religion


You were in a bailey.
You worshipped Xom.
You were a plaything of Xom.
You were not hungry.

You visited 1 branch of the dungeon, and saw 8 of its levels.
You also visited: Bailey.

You collected 535 gold pieces.
You spent 58 gold pieces at shops.

Inventory:

Hand Weapons
 a - a +0 hand axe of chaos (weapon)
 p - a +0 whip
 v - a +2 dagger of venom
 w - a +0 blowgun {@w1}
 D - a +0 flail of crushing
 E - a +0 quarterstaff
 L - a +0 hunting sling
 O - a +0 war axe
 Q - a +0 longbow
Missiles
 n - 248 stones (quivered) {@Q3}
 o - 79 sling bullets
 F - 25 bolts
 K - 4 steel tomahawks
 S - 45 poisoned needles
 V - 131 arrows
 Z - a throwing net {!d , @Q1}
Armour
 b - a +2 leather armour
 i - a +0 chain mail of fire resistance
 l - a +0 helmet (worn)
 B - a +0 shield (worn)
 W - a +0 scale mail (worn)
Magical Staves
 A - an uncursed staff of death {unknown}
Wands
 U - a wand of digging (12) {@v1}
 X - a wand of random effects (11)
Scrolls
 h - a scroll of enchant weapon {unknown}
 j - 4 scrolls of enchant armour
 k - a scroll of amnesia
 y - a scroll of blinking {unknown}
 J - a scroll of fog
 M - 2 scrolls of magic mapping
 R - 4 scrolls of identify {@r1}
 T - 8 scrolls of teleportation {!r, @r2}
 Y - 2 scrolls of remove curse {@r3}
Potions
 f - 2 potions of might
 q - 4 potions of heal wounds {@q2}
 r - 2 potions of brilliance
 G - 2 potions of flight
 N - a potion of haste {@q3,}
 P - 3 potions of curing {@q1}
Comestibles
 e - 14 rations


   Skills:
 + Level 6.2 Fighting
 * Level 9.2 Axes
 - Level 5.2 Armour
 + Level 3.0 Dodging
 + Level 2.8 Shields


You had 8 spell levels left.
You didn't know any spells.
Your spell library was empty.

Dungeon Overview and Level Annotations

Branches:
Dungeon (8/15)             Temple (0/1) D:5
   Lair: D:8-11

Altars:
Okawaru
Xom
Yredelemnul

Shops:
D:5 *

Annotations:
D:5 3 runed doors, Alter's ghost, novice GnFi; Goblin1989's ghost, amateur HOBe; Lew's ghost, novice OpAs; alathi's ghost, amateur MiBe


Innate Abilities, Weirdness & Mutations

You have razor-sharp toenails.
You are partially covered in rugged brown scales. (AC +1, +3% HP)
Your flesh is heat resistant. (rF+)
You are significantly more attuned to the shadows.
You are immune to clouds of flame.


Message History

There is an empty arch of ancient stone here.
Unknown command.
There is a gate leading back out of this place here.
You start resting.
All of the chunks of flesh in your inventory have rotted away.
You feel a little less mighty now.
You regained 2 hp, and now have 15/71 hp.
You start resting.
You feel a little less agile now.
You regained 4 hp, and now have 19/71 hp.
You start resting. "This place needs a little more atmosphere."
You are now a plaything of Xom.
You regained 3 hp, and now have 22/71 hp.
You start resting.
Xom's power touches on you for a moment.
You smell something strange.
You regained 12 hp, and now have 34/71 hp.
You start resting.
Your trail of clouds dissipates.
You regained 7 hp, and now have 41/71 hp.
You start resting.
HP restored.
Health restored: 71
There is an empty arch of ancient stone here.
An orc warrior comes into view. It is wielding a halberd.
The orc shouts!
The orc warrior shouts!
The orc knight shouts!
You hear a shout!
The orc warrior shouts!
The orc knight roars a battlecry!
The orcs go into a battle-frenzy!
The orc warrior shoots a bolt.
You block the bolt.
Found a gate leading back out of this place.
You see here a bolt.
The orc warrior shouts!
You hear a shout! x4
There is an empty arch of ancient stone here.
There is a gate leading back out of this place here.
An orc warrior comes into view. It is wielding a glaive.
An orc warrior comes into view. It is wielding an arbalest.
You fade into invisibility!
The orc warrior shoots a bolt.
The bolt hits you!!
You hear a shout!
You are very lightly contaminated with residual magic.
You take 21 damage, and have 50/71 hp.
MASSIVE DAMAGE!!
Unknown command.
There is an empty arch of ancient stone here.
Unknown command.
The orc warrior hits you but does no damage.
You block the orc warrior's attack.
The orc warrior shoots a bolt.
The bolt barely misses you.
You hear a shout!
Found a gate leading back out of this place.
Unknown command.
You hit the orc warrior. You claw the orc warrior.
The orc warrior is moderately wounded.
You hit the orc warrior but do no damage.
The orc warrior is poisoned.
You block the orc warrior's attack. The orc warrior barely misses you.
Unknown command.
You hit the orc warrior but do no damage.
The orc warrior appears confused.
You claw the orc warrior, but do no damage.
The orc warrior is moderately wounded.
You hit the orc warrior.
The orc warrior seems to speed up.
The orc warrior barely misses you.
An orc knight comes into view. It is wielding a glaive.
Your shield prevents you from hitting the orc warrior.
You claw the orc warrior.
The orc warrior is heavily wounded.
You hit the orc warrior.
The orc warrior appears confused.
You hit the orc warrior.
The orc warrior appears confused.
The orc warrior hits you with a glaive!!
* * * LOW HITPOINT WARNING * * *
The orc warrior completely misses the orc warrior. x2
You take 25 damage, and have 26/71 hp.
MASSIVE DAMAGE!!
You are too injured to fight recklessly!
Unknown command.
You are too injured to fight recklessly!
Unknown command.
You are too injured to fight recklessly!
Unknown command.
You are too injured to fight recklessly!
Unknown command.
You are too injured to fight recklessly!
You hit the orc warrior. You claw the orc warrior.
The orc warrior is lightly wounded.
You hit the orc warrior. x2
The orc warrior looks weak for a moment. "Get over here!"
The orc knight blinks! x3; The orc warrior blinks! x2
The orc no longer looks unusually strong.
The orc warrior misses the orc knight.
You hear a splash. x3
You feel a bit more experienced.
There is an empty arch of ancient stone here.
There is a gate leading back out of this place, spattered with blood here.
You see here 2 bolts.
You feel very mighty all of a sudden.
The orc knight hits you from afar with a glaive!!
You die...
Xom titters! ███ ██@██

█.o.█ █o.o█
.≈≈.......≈≈o
§o≈...o...≈oo
§≈≈.......≈≈o
≈≈..█...█.§≈≈
...██...██...


You could see 2 orc knights and 2 orc warriors.

Vanquished Creatures
  A two-headed ogre (D:8)
  3 ice beasts
  An orc warrior (Bailey)
  An ogre (D:5)
  2 centaurs
  4 bullfrogs
  2 scorpions (D:5)
  3 howler monkeys
  5 crimson imps
  A quasit (D:7)
  A bullfrog zombie (D:7)
  A centaur zombie (D:7)
  4 hounds
  3 jellies
  A bullfrog skeleton (D:5)
  3 orc priests
  Terence (D:2)
  2 iguanas
  4 orc wizards
  3 worker ants
  Robin (D:2)
  7 gnolls
  8 adders
  2 shadow imps
  An ooze (D:2)
  An ooze (shapeshifter) (D:2)
  5 worms
  3 adder skeletons
  2 adder zombies
  2 dart slugs (D:1)
  3 leopard geckos
  13 orcs
  15 bats
  6 giant cockroaches
  17 goblins
  13 hobgoblins
  2 quokkas
  2 ball pythons
  3 frilled lizards
  11 kobolds
  A leopard gecko zombie (D:7)
  2 quokka skeletons (D:7)
  12 rats
178 creatures vanquished.

Vanquished Creatures (collateral kills)
  A quokka (D:4)
1 creature vanquished.

Grand Total: 179 creatures vanquished

Notes
Turn   | Place    | Note
-------+----------+-------------------------------------------
     0 | D:1      | Goblin1989 the Demonspawn Chaos Knight began the quest for the Orb.
     0 | D:1      | Reached XP level 1. HP: 18/18 MP: 1/1
   172 | D:1      | Reached skill level 3 in Axes
   254 | D:1      | Gained mutation: You are slightly more attuned to the shadows. [demonic ancestry]
   254 | D:1      | Reached XP level 2. HP: 20/24 MP: 2/2
   255 | D:1      | XOM: smoke on damage
   276 | D:1      | XOM: harmless Conj miscast
   346 | D:1      | XOM: harmless Tmut miscast
   656 | D:1      | XOM: harmless Erth miscast
   767 | D:1      | Gained mutation: You have sharp toenails. [demonic ancestry]
   767 | D:1      | Reached XP level 3. HP: 24/29 MP: 3/3
  1016 | D:2      | Reached skill level 4 in Axes
  1188 | D:2      | Noticed Terence
  1204 | D:2      | Gained mutation: You have razor-sharp toenails. [demonic ancestry]
  1204 | D:2      | Reached XP level 4. HP: 33/35 MP: 4/4
  1249 | D:2      | Killed Terence
  1355 | D:2      | XOM: confuse monster(s)
  1377 | D:2      | Reached skill level 5 in Axes
  1389 | D:2      | Gained mutation: You are partially covered in rugged brown scales. (AC +1, +3% HP) [demonic ancestry]
  1389 | D:2      | Reached XP level 5. HP: 19/42 MP: 5/5
  1551 | D:2      | XOM: harmless Hex miscast
  1862 | D:2      | XOM: mild Hex miscast
  1947 | D:2      | Noticed Robin
  2014 | D:2      | XOM: harmless Chrm miscast
  2112 | D:2      | Killed Robin
  2278 | D:3      | XOM: potion effect (heal wounds)
  2597 | D:3      | XOM: divination: magic mapping
  3313 | D:4      | Gained mutation: Your flesh is heat resistant. (rF+) [demonic ancestry]
  3313 | D:4      | Reached XP level 6. HP: 47/48 MP: 6/6
  3341 | D:4      | XOM: 1-stop teleportation journey
  3487 | D:4      | XOM: harmless Chrm miscast
  3543 | D:4      | XOM: summons 2 friendly demons
  3557 | D:4      | Reached skill level 6 in Axes
  3960 | D:4      | XOM: repel stairs
  4043 | D:4      | XOM: divination: detect items
  4151 | D:4      | XOM: mild Air miscast
  4423 | D:4      | XOM: harmless Hex miscast
  4430 | D:5      | Entered Level 5 of the Dungeon
  4470 | D:5      | XOM: divination: magic mapping
  4472 | D:5      | XOM: enchant monster (good)
  4515 | D:5      | XOM: confuse monster(s)
  4531 | D:5      | Reached XP level 7. HP: 49/54 MP: 7/7
  4533 | D:5      | XOM: harmless Tloc miscast
  4835 | D:5      | Reached skill level 7 in Axes
  4865 | D:5      | Found a staircase to the Ecumenical Temple.
  4924 | D:5      | Found a basalt altar of Yredelemnul.
  4926 | D:5      | XOM: potion effect (brilliance)
  5025 | D:5      | Found a shimmering altar of Xom.
  5100 | D:5      | Gained mutation: You are immune to clouds of flame. [demonic ancestry]
  5100 | D:5      | Reached XP level 8. HP: 52/62 MP: 8/8
  5168 | D:5      | Found Pimoetut's Assorted Antiques.
  5175 | D:5      | Bought a scroll labeled DACUSTAWKEIRGH for 20 gold pieces
  5175 | D:5      | Bought a scroll labeled KENGO QYCHUCK for 20 gold pieces
  5175 | D:5      | Bought a black potion for 18 gold pieces
  5524 | D:5      | Noticed Alter's ghost (novice GnFi)
  5525 | D:5      | Noticed Lew's ghost (novice OpAs)
  5525 | D:5      | Noticed Goblin1989's ghost (amateur HOBe)
  5526 | D:5      | Found a runed gate.
  5526 | D:5      | Found a runed gate.
  5526 | D:5      | Found a runed gate.
  5526 | D:5      | Noticed alathi's ghost (amateur MiBe)
  5757 | D:6      | Reached skill level 5 in Fighting
  6335 | D:6      | Reached skill level 8 in Axes
  6693 | D:6      | XOM: harmless Fire miscast
  6741 | D:7      | XOM: silly message
  6846 | D:7      | Found an iron altar of Okawaru.
  6859 | D:7      | Reached skill level 1 in Dodging
  7233 | D:7      | Reached skill level 1 in Shields
  7765 | D:8      | XOM: potion effect (brilliance)
  7803 | D:8      | Noticed a two-headed ogre
  7810 | D:8      | XOM: harmless Tmut miscast
  7840 | D:8      | XOM: noise
  8114 | D:7      | Gained mutation: You are significantly more attuned to the shadows. [demonic ancestry]
  8114 | D:7      | Reached XP level 9. HP: 44/71 MP: 9/9
  8258 | D:8      | Noticed a two-headed ogre
  8278 | D:8      | XOM: potion effect (agility)
  8279 | D:8      | HP: 2/71 [two-headed ogre/giant spiked club (32)]
  8280 | D:8      | Killed a two-headed ogre
  8280 | D:8      | Reached skill level 9 in Axes
  8280 | D:8      | Reached skill level 5 in Armour
  8313 | D:8      | XOM: divination: detect creatures
  8321 | D:8      | Found a flagged portal.
  8326 | Bailey   | Entered a bailey
  8370 | Bailey   | XOM: cloud trail
  8431 | Bailey   | XOM: harmless Tmut miscast
  8605 | Bailey   | Noticed an orc knight
  8607 | Bailey   | Noticed an orc knight
  8613 | Bailey   | Noticed an orc knight
  8615 | Bailey   | Noticed an orc knight
  8617 | Bailey   | XOM: blink monster(s)
  8620 | Bailey   | Slain by an orc knight

Skill      XL: |  1  2  3  4  5  6  7  8  9 |
---------------+----------------------------+-----
Axes           | 3 4 5 6 7 8 9 |  9.2
Armour         | 2 3 4 5 |  5.2
Fighting       | 4 5 6 |  6.2
Dodging        | 2 3 |  3.0
Shields        | 1 2 |  2.8

Action                   |  1- 3 |  4- 6 |  7- 9 || total
-------------------------+-------+-------+-------++-------
Melee: Hand axe          |   103 |   221 |   179 ||   503
       Kick              |    10 |    68 |    73 ||   151
       War axe           |       |       |   120 ||   120
 Fire: Blowgun           |       |    15 |       ||    15
       Longbow           |       |     3 |       ||     3
  Use: Scroll            |       |     7 |     9 ||    16
       Potion            |       |       |     3 ||     3
 Stab: Sleeping          |     3 |     1 |       ||     4
       Petrified         |       |     8 |     6 ||    14
       Petrifying        |       |     2 |     1 ||     3
       Confused          |       |     1 |       ||     1
       Paralysed         |       |     1 |     4 ||     5
  Eat: Chunk             |     1 |    10 |     7 ||    18
       Ration            |       |       |     2 ||     2
Armor: Leather armour    |    39 |    20 |       ||    59
       Scale mail        |       |    51 |   156 ||   207
Dodge: Dodged            |    64 |    94 |   106 ||   264
Block: Shield            |       |       |    74 ||    74

Vault maps used:
D:1:      lemuel_arrival_tunnels, st_stairs_8
D:2:      uniq_terence, uniq_robin
D:5:      yredelemnul_altar_generic, xom_teletrap_fun, temple_doors_cd,
          first_ration, serial_shops, nicolae_shop_stone,
          gammafunk_ghost_cemetery, roderic_batcave
D:6:      kennysheep_doodads, minivault_10
D:7:      kennysheep_mini_moat
D:8:      dancing_weapons_uskayaw, enter_bailey_3, basic_altar
Bailey:   bailey_polearm_4, bailey
